 Dungeon Crawl Stone Soup version 0.30.0-19-g36f170ea60 (webtiles) character file.

Game seed: 10331461464524703638

9 Sabo the Chopper (level 2, 22/22 HPs)
             Began as a Demonspawn Gladiator on May 26, 2023.
             Got out of the dungeon alive.
             The game lasted 00:01:06 (196 turns).

Sabo the Chopper (Demonspawn Gladiator)              Turns: 196, Time: 00:01:06

Health: 22/22      AC:  3    Str: 14    XL:     2   Next: 3%
Magic:  2/2        EV: 12    Int:  9    God:
Gold:   13         SH:  0    Dex: 14    Spells: 1/1 levels left

rFire   . . .        a - +0 war axe
rCold   . . .        (no shield)
rNeg    . . .        b - +0 leather armour
rPois   .            (helmet restricted)
rElec   .            (no cloak)
rCorr   .            (no gloves)
SInv    .            (no boots)
Will    .....        (no amulet)
Stlth   +            (no ring)
HPRegen 0.23/turn    (no ring)
MPRegen 0.08/turn

%: no passive effects
@: no status effects
A: antennae 1
a: no special abilities


You escaped.
You visited 1 branch of the dungeon, and saw 1 of its levels.

You collected 13 gold pieces.

Inventory:

Hand Weapons
 a - a +0 war axe (weapon)
Missiles
 d - 3 throwing nets (quivered)
 e - a javelin
Armour
 b - a +0 leather armour (worn)
Scrolls
 g - a scroll of identify {unknown}
Potions
 f - a potion of curing {unknown}
 h - a potion of heal wounds {unknown}


   Skills:
 + Level 2.0 Fighting
 + Level 3.0 Axes
 + Level 1.8 Throwing
 + Level 2.9 Dodging


You had one spell level left.
You didn't know any spells.
Your spell library was empty.

Dungeon Overview and Level Annotations

Branches:
Dungeon (1/15)

Altars:


Innate Abilities, Weirdness & Mutations

You have a pair of small antennae on your head.


Message History

A dart slug comes into view.
The dart slug bites you but does no damage.
You slash the dart slug!
You kill the dart slug!
Found a stone staircase leading down.
You open the door.
A rat and an endoplasm come into view.
Found a robe.
Found 7 gold pieces.
The rat barely misses you.
There is an open door here.
You closely miss the rat. The rat barely misses you.
You closely miss the rat. You slash the endoplasm!
You kill the endoplasm!
The rat closely misses you.
Your Axes skill increases to level 3!
You hit the rat.
You kill the rat!
You have reached level 2!
Your demonic ancestry asserts itself...
A pair of antennae grows on your head!
Your +0 helmet falls away!
You now have 13 gold pieces (gained 7).
A rat comes into view.
Found a sedimented yellow potion.
You see here a +0 robe.
You drop a +0 helmet.
You slash the rat!
You kill the rat!
There is an open door here.
You open the door.
There is an open door here.
There is a fountain of clear blue water here.
There is a staircase leading out of the dungeon here.
You can't go down here!
Are you sure you want to leave the Dungeon?
This will make you lose the game!
Uppercase [Y]es or [N]o only, please.
Are you sure you want to leave the Dungeon?
This will make you lose the game! [Y]es or [N]o only, please.
Are you sure you want to leave the Dungeon?
This will make you lose the game!
You have escaped!

#.........#
#.#)###########
#..)#....8....#
###...##...##.#
#.#..##.##..#
####..#'#..##
##..#'#..##
###..##⌠##..##
#....+⌠@⌠'...#
#.#..##⌠##...#
#.....#+#..#.##
.....##..#+#..#..#
####.#..##.##..#.#
# #.##...##.#.#
#.#....8....#.#####
#..........#......#
##########.#......#


There were no monsters in sight!

Vanquished Creatures
  A dart slug (D:1)
  An endoplasm (D:1)
  2 goblins (D:1)
  A kobold (D:1)
  2 rats (D:1)
7 creatures vanquished.

Notes
Turn   | Place    | Note
-------+----------+-------------------------------------------
     0 | D:1      | Sabo the Demonspawn Gladiator began the quest for the Orb.
     0 | D:1      | Reached XP level 1. HP: 16/16 MP: 1/1
   126 | D:1      | Reached skill level 3 in Axes
   127 | D:1      | Gained mutation: You have a pair of small antennae on your
                  | head. [demonic ancestry]
   127 | D:1      | Reached XP level 2. HP: 22/22 MP: 2/2
   196 | D:$      | Got out of the dungeon alive.

Illustrated notes

Levels and vault maps discovered:
D:1:      grunt_arrival_crossed_arrows, layout_basic, minivault_26

Skill      XL: |  1 |
---------------+----+-----
Axes           | 3 |  3.0
Fighting       | |  2.0
Throwing       | |  1.8
Dodging        | |  2.9

Action                     || total
---------------------------++-------
  Melee: War axe           ||    10
 Armour: Leather armour    ||     2
  Dodge: Dodged            ||     4
